 Dungeon Crawl Stone Soup version 0.30-a0-359-gd0147acb1a (webtiles) character file.

Game seed: 14196494567275440451

56126 themarg the Warrior (level 14, -4/123 HPs)
             Began as a Merfolk Gladiator on Nov 12, 2022.
             Was the Champion of Nemelex Xobeh.
             Slain by an ettin
             ... wielding a +0 great mace
              (32 damage)
             ... on level 1 of the Orcish Mines.
             The game lasted 01:08:26 (18646 turns).

themarg the Warrior (Merfolk Gladiator)            Turns: 18646, Time: 01:08:27

Health: -4/123     AC: 17    Str: 29    XL:     14   Next: 80%
Magic:  0/25       EV: 14    Int:  4    God:    Nemelex Xobeh [******]
Gold:   866        SH:  5    Dex: 15    Spells: 13/13 levels left

rFire   . . .      SeeInvis .    a - +10 spear of Vareczus {vorpal, +Blink Str+10 Int-4}
rCold   . . .      Faith    .    G - +0 buckler {AC+3}
rNeg    . . .      Spirit   +    Z - +0 chain mail
rPois   .          Reflect  .    c - +0 helmet
rElec   .          Harm     .    h - +0 cloak
rCorr   .          Rampage  .    j - +2 pair of gloves {Stlth+}
Will    ++...                    R - -2 pair of boots
Stlth   ..........               C - amulet of guardian spirit
HPRegen 0.40/turn                p - ring of willpower
MPRegen 0.19/turn                Y - +4 ring of evasion

@: no status effects
A: (nimble swimmer 2), mertail
a: Renounce Religion, Evoke Blink, Draw Escape, Draw Destruction, Draw
Summoning, Triple Draw, Deal Four, Stack Five


You were on level 1 of the Orcish Mines.
You worshipped Nemelex Xobeh.
Nemelex Xobeh was exalted by your worship.
You visited 3 branches of the dungeon, and saw 18 of its levels.

You collected 1253 gold pieces.
You spent 387 gold pieces at shops.

Inventory:

Hand Weapons
 a - the +10 spear of Vareczus (weapon) {vorpal, +Blink Str+10 Int-4}
   (You bought it in a shop on level 2 of the Dungeon)

   It inflicts extra damage upon your enemies.
   Str:       It affects your strength (+10).
   Int:       It affects your intelligence (-4).
   +Blink:    It lets you blink.
 b - a +2 vorpal flail
 M - a +1 flail of draining
Missiles
 d - 4 throwing nets
 e - 6 javelins
 w - 15 boomerangs
 D - 7 poisoned darts (quivered)
 N - an atropa-tipped dart
Armour
 c - a +0 helmet (worn)
 h - a +0 cloak (worn)
 j - a +2 pair of gloves of stealth (worn)
 G - a +0 buckler of protection (worn)
 R - a -2 pair of boots (worn)
 Z - a +0 chain mail (worn)
Jewellery
 k - a ring of see invisible
 p - a ring of willpower (left hand)
 C - an amulet of guardian spirit (around neck)
 Y - a +4 ring of evasion (right hand)
Wands
 u - a wand of charming (29)
 v - a wand of roots (28)
 F - a wand of light (7)
 Q - a wand of digging (5)
 T - a wand of mindburst (7)
 V - a wand of flame (9)
Scrolls
 f - 5 scrolls of fog
 g - a scroll of brand weapon {unknown}
 l - 3 scrolls of teleportation
 q - 3 scrolls of amnesia
 r - 2 scrolls of vulnerability
 s - a scroll of enchant armour {unknown}
 t - 3 scrolls of enchant weapon
 x - 10 scrolls of noise
 y - 5 scrolls of blinking
 B - 3 scrolls of fear
 E - a scroll of summoning {unknown}
 H - 2 scrolls of poison
 I - 2 scrolls of silence
 J - 3 scrolls of magic mapping
Potions
 i - a potion of resistance
 m - 4 potions of ambrosia
 n - 4 potions of brilliance
 o - 9 potions of curing
 z - a potion of flight {unknown}
 A - 3 potions of lignification
 K - a potion of might {unknown}
 O - 5 potions of mutation
 P - a potion of berserk rage {unknown}
 S - a potion of haste {unknown}
 U - a potion of magic {unknown}
 W - 2 potions of invisibility
 X - a potion of heal wounds
Miscellaneous
 L - a phantom mirror


   Skills:
 - Level 15.0 Fighting
 - Level 14.0 Polearms
 - Level 5.0 Throwing
 - Level 5.0 Armour
 - Level 5.0 Dodging
 - Level 5.0 Shields
 - Level 15.0 Invocations
 + Level 9.4 Evocations


You had 13 spell levels left.
You didn't know any spells.
Your spell library contained the following spells:

 Spells                   Type           Power      Damage    Failure   Level
 Beastly Appendage        Tmut           0%         N/A       98%         1
 Freeze                   Ice            0%         1d3       98%         1
 Shock                    Conj/Air       0%         1d3       98%         1
 Summon Small Mammal      Summ           0%         N/A       98%         1
 Ensorcelled Hibernation  Hex/Ice        0%         N/A       99%         2
 Passwall                 Tmut/Erth      0%         N/A       99%         2
 Scorch                   Fire           0%         2d5       99%         2
 Static Discharge         Conj/Air       0%         2-2/arc   99%         2
 Sublimation of Blood     Necr           0%         N/A       99%         2
 Wereblood                Tmut           0%         N/A       99%         2
 Call Canine Familiar     Summ           0%         N/A       100%        3
 Frozen Ramparts          Ice            0%         1d1       100%        3
 Gell's Gravitas          Tloc           0%         N/A       100%        3
 Hailstorm                Conj/Ice       0%         3d3       100%        3
 Inner Flame              Hex/Fire       0%         N/A       100%        3
 Spider Form              Tmut/Pois      0%         N/A       100%        3
 Summon Guardian Golem    Hex/Summ       0%         N/A       100%        3
 Swiftness                Air            0%         N/A       100%        3
 Teleport Other           Tloc           0%         N/A       100%        3
 Vhi's Electric Charge    Tloc/Air       0%         N/A       100%        3
 Airstrike                Air            0%         2d(0-16)  100%        4
 Anguish                  Hex/Necr       0%         N/A       100%        4
 Cause Fear               Hex            0%         N/A       100%        4
 Flame Wave               Conj/Fire      0%         2d4       100%        4
 Ice Form                 Ice/Tmut       0%         N/A       100%        4
 Arcjolt                  Conj/Air       0%         1d10      100%        5
 Lightning Bolt           Conj/Air       0%         1d11      100%        5
 Metabolic Englaciation   Hex/Ice        0%         N/A       100%        5
 Dispersal                Tloc           0%         N/A       100%        6
 Summon Cactus Giant      Summ           0%         N/A       100%        6
 Enfeeble                 Hex            0%         N/A       100%        7
 Summon Hydra             Summ           0%         N/A       100%        7
 Discord                  Hex            0%         N/A       100%        8


Dungeon Overview and Level Annotations

Branches:
Dungeon (12/15)            Temple (0/1) D:7            Lair (5/5) D:11
 Shoals (0/4) Lair:2       Spider (0/4) Lair:2        Slime (0/5) Lair:4
    Orc (1/2) D:12

Altars:
Ashenzari
Elyvilon
Fedhas
Nemelex Xobeh
Vehumet
Xom
Yredelemnul
Zin
The Shining One
Jiyva

Shops:
D:2 *   D:7 [   D:8 (

Portals:
Abyss: Lair:3

Annotations:
D:7 1 runed translucent door, freelancePsychic's ghost, novice FoSu
Lair:3 2 transporters, indyram44's ghost, journeyman DsGl


Innate Abilities, Weirdness & Mutations

((You are very nimble when in or above water. (Stealth+, EV+, Speed+++)))
Your lower body shifts to a powerful aquatic tail in water.


Message History

Found 33 gold pieces.
There is a staircase back to the Dungeon here.
You hit the ettin but do no damage. You hit the ettin.
The ettin is lightly wounded.
You block the ettin's attack. The ettin barely misses you.
You hit the ettin.
The ettin is lightly wounded.
You puncture the ettin!
The ettin is moderately wounded.
The ettin hits you with a +0 great mace!!
The ettin barely misses you.
You hit the ettin but do no damage.
The ettin is moderately wounded.
You hit the ettin.
The ettin is moderately wounded.
The ettin hits you with a +0 great mace!!
The ettin closely misses you.
You hear a shout!
You puncture the ettin!
The ettin is heavily wounded.
You barely miss the ettin.
The ettin is heavily wounded.
The ettin hits you but does no damage.
The ettin hits you with a +2 dire flail of protection!!
You puncture the ettin!
The ettin is heavily wounded.
You hit the ettin.
The ettin is severely wounded.
The ettin hits you but does no damage. The ettin closely misses you.
An orc comes into view. It is wielding a +0 club.
You barely miss the ettin.
The ettin is severely wounded.
You hit the ettin.
The ettin is severely wounded.
The ettin hits you with a +0 great mace!!
* * * LOW HITPOINT WARNING * * *
The ettin hits you with a +2 dire flail of protection!!!
You die...
Your body glows with a rainbow of weird colours and disappears.

.. #. #.
####.
##$..###
##......##.
#.........o
#.@.......
#...C.###....
#.#....# .
#..... ###...
#...# #....
##...


You could see an ettin and an orc.

Vanquished Creatures
  Rupert (Lair:5)
  Gastronok (Lair:2)
  A broodmother (Lair:4)
  5 hydras
  3 two-headed ogres
  A tengu warrior (D:9)
  An alligator (Lair:5)
  A boulder beetle (D:12)
  Nergalle (Lair:2)
  4 skeletal warriors (D:11)
  Pikel (D:5)
  2 deep elf pyromancers (D:12)
  2 ugly things
  2 oklob plants (D:11)
  2 manticores (D:12)
  2 elephants (Lair:5)
  A cyclops (D:12)
  A merfolk siren (Lair:2)
  2 black mambas
  A molten gargoyle (Lair:3)
  16 cane toads
  A torpor snail (Lair:3)
  A gargoyle (D:11)
  3 rime drakes
  A kobold demonologist (D:12)
  5 komodo dragons
  2 unseen horrors
  A yaktaur (Lair:5)
  3 trolls
  5 tyrant leeches (Lair:5)
  5 polar bears
  Prince Ribbit (D:5)
  10 dream sheep (Lair:3)
  Grinder (D:5)
  3 hornets
  24 blink frogs
  10 slime creatures
  2 culicivoras (Lair:2)
  A shapeshifter (Lair:1)
  A shadow (D:9)
  2 wraiths
  5 wyverns
  9 fire bats
  7 steam dragons
  Grum (D:8)
  37 yaks
  A golden eye (Lair:5)
  5 vampire mosquitoes (Lair:5)
  3 acid dragons
  A water moccasin (shapeshifter) (D:9)
  8 water moccasins
  Duvessa (D:5)
  A swamp drake (Lair:1)
  5 sky beasts
  An ice beast (D:8)
  3 black bears
  18 wolves
  An ogre (D:6)
  7 centaurs
  4 kobold brigands
  3 lemures (D:5)
  A phantom (D:5)
  11 bullfrogs
  3 gnoll sergeants
  7 scorpions
  3 wights (D:8)
  Dowan (D:5)
  4 jellies
  11 killer bees
  2 electric eels
  2 howler monkeys (D:11)
  3 hounds
  An orc priest (D:8)
  3 gnoll boudas
  3 iguanas (D:5)
  5 orc wizards
  10 hell rats (Lair:3)
  29 gnolls
  7 adders
  12 river rats (Lair:3)
  A shadow imp (D:8)
  2 white imps
  2 worms
  2 dart slugs
  19 orcs
  10 ball pythons
  8 endoplasms
  4 giant cockroaches
  6 goblins
  7 hobgoblins
  8 jackals
  8 quokkas
  7 bats
  2 frilled lizards (D:3)
  20 kobolds
  18 rats
496 creatures vanquished.

Vanquished Creatures (others)
  30 fungi
  93 plants
123 creatures vanquished.

Grand Total: 619 creatures vanquished

Notes
Turn   | Place    | Note
-------+----------+-------------------------------------------
     0 | D:1      | themarg the Merfolk Gladiator began the quest for the Orb.
     0 | D:1      | Reached XP level 1. HP: 16/16 MP: 1/1
   150 | D:1      | Found a faded altar of an unknown god.
   162 | D:1      | Reached XP level 2. HP: 23/23 MP: 2/2
   194 | D:1      | Prayed at the altar of an unknown god.
   194 | D:1      | Became a worshipper of Nemelex Xobeh the Trickster
   194 | D:1      | Reached * piety under Nemelex Xobeh
   235 | D:1      | Received a gift from Nemelex Xobeh
   799 | D:2      | Reached XP level 3. HP: 29/29 MP: 3/3
   982 | D:2      | Reached skill level 5 in Dodging
  1055 | D:2      | Found Pousiz's Assorted Antiques.
  1129 | D:2      | Reached ** piety under Nemelex Xobeh
  1547 | D:3      | Reached XP level 4. HP: 37/37 MP: 4/4
  1735 | D:3      | Noticed Sigmund
  1736 | D:3      | Sigmund changed into Sigmund the adder
  1736 | D:3      | Noticed Sigmund
  1744 | D:3      | Killed Sigmund the adder
  2184 | D:2      | Bought a pitted spear for 200 gold pieces
  2184 | D:2      | Identified the +10 spear of Vareczus {vorpal, +Blink Str+10
                  | Int-4} (You bought it in a shop on level 2 of the Dungeon)
  2427 | D:4      | Got the Catalogue of the Chill
  2486 | D:4      | Noticed a black bear
  2487 | D:4      | Noticed a bullfrog
  2510 | D:4      | Killed a bullfrog
  2511 | D:4      | Reached skill level 1 in Invocations
  2511 | D:4      | Reached XP level 5. HP: 38/43 MP: 3/5
  2513 | D:4      | Killed a black bear
  2514 | D:4      | Reached skill level 5 in Fighting
  2514 | D:4      | Reached skill level 5 in Polearms
  2514 | D:4      | Reached XP level 6. HP: 45/51 MP: 3/7
  2573 | D:4      | Noticed a black bear
  2595 | D:4      | Killed a black bear
  2695 | D:4      | Reached *** piety under Nemelex Xobeh
  2715 | D:4      | Identified the +7 short sword of Circularity {holy, Will+
                  | SInv Stlth+}
  2813 | D:5      | Entered Level 5 of the Dungeon
  2820 | D:5      | Reached XP level 7. HP: 48/57 MP: 7/9
  2969 | D:5      | Noticed Pikel
  2983 | D:5      | Killed Pikel
  2984 | D:5      | Reached XP level 8. HP: 46/65 MP: 8/11
  3141 | D:5      | Reached skill level 5 in Invocations
  3217 | D:5      | Noticed Grinder
  3234 | D:5      | Paralysed by Grinder for 2 turns
  3240 | D:5      | Killed Grinder
  3286 | D:5      | Noticed Dowan
  3324 | D:5      | Killed Dowan
  3340 | D:5      | Noticed Duvessa
  3349 | D:5      | Killed Duvessa
  3350 | D:5      | Reached XP level 9. HP: 50/74 MP: 7/13
  3564 | D:5      | Noticed Prince Ribbit
  3579 | D:5      | Killed Prince Ribbit
  3764 | D:5      | Received a gift from Nemelex Xobeh
  4102 | D:6      | You fall into a shaft and drop 1 floor!
  4102 | D:7      | Found Caipsut's Armour Shop.
  4124 | D:7      | Received a gift from Nemelex Xobeh
  4254 | D:7      | Reached skill level 10 in Polearms
  4263 | D:7      | Found a glowing silver altar of Zin.
  4567 | D:7      | Reached **** piety under Nemelex Xobeh
  4597 | D:7      | Found a runed translucent door.
  4597 | D:7      | Noticed freelancePsychic's ghost (novice FoSu)
  4600 | D:7      | Noticed a green ugly thing
  4847 | D:7      | Found a staircase to the Ecumenical Temple.
  4929 | D:7      | Found a basalt altar of Yredelemnul.
  4929 | D:7      | Found a broken altar of Ashenzari.
  4929 | D:7      | Found a glowing golden altar of the Shining One.
  4929 | D:7      | Found a blossoming altar of Fedhas.
  4935 | D:7      | Found a radiant altar of Vehumet.
  4935 | D:7      | Found a shimmering altar of Xom.
  5177 | D:8      | Noticed a hornet
  5185 | D:8      | Killed a hornet
  5186 | D:8      | Reached XP level 10. HP: 85/85 MP: 16/16
  5208 | D:8      | Reached skill level 10 in Fighting
  5375 | D:8      | Received a gift from Nemelex Xobeh
  5491 | D:8      | Found Xaqocaj's Antique Weapon Emporium.
  5880 | D:8      | Noticed Grum
  5898 | D:8      | Reached skill level 10 in Invocations
  5906 | D:8      | Killed Grum
  5907 | D:8      | Reached skill level 1 in Armour
  6124 | D:8      | Received a gift from Nemelex Xobeh
  6315 | D:9      | Noticed a tengu warrior
  6342 | D:9      | Killed a tengu warrior
  6591 | D:9      | Found the +18 Lear's hauberk
  6646 | D:9      | Noticed a death knight
  6659 | D:9      | Reached XP level 11. HP: 72/90 MP: 13/18
  6665 | D:9      | a death knight changed into a shapeshifter
  6902 | D:9      | Reached skill level 5 in Armour
  7044 | D:9      | Received a gift from Nemelex Xobeh
  7162 | D:9      | Reached ***** piety under Nemelex Xobeh
  7216 | D:10     | Entered Level 10 of the Dungeon
  7216 | D:10     | Noticed a white ugly thing
  7233 | D:10     | Killed a white ugly thing
  7390 | D:10     | Noticed a two-headed ogre
  7401 | D:10     | Killed a two-headed ogre
  8163 | D:10     | Received a gift from Nemelex Xobeh
  8465 | D:11     | Noticed a skeletal warrior
  8483 | D:11     | Killed a skeletal warrior
  8523 | D:11     | Noticed an oklob plant
  8531 | D:11     | Noticed a skeletal warrior
  8538 | D:11     | Noticed a skeletal warrior
  8540 | D:11     | Killed a skeletal warrior
  8540 | D:11     | Noticed a skeletal warrior
  8541 | D:11     | Reached skill level 1 in Evocations
  8544 | D:11     | Killed a skeletal warrior
  8554 | D:11     | Killed a skeletal warrior
  8611 | D:11     | Noticed a red ugly thing
  8622 | D:11     | Killed a red ugly thing
  8817 | D:11     | Reached XP level 12. HP: 98/98 MP: 19/19
  9137 | D:11     | Noticed a two-headed ogre
  9146 | D:11     | Killed a two-headed ogre
  9147 | D:11     | Found a staircase to the Lair.
  9808 | D:2      | Bought a runed buckler for 187 gold pieces
 10369 | Lair:1   | Entered Level 1 of the Lair of Beasts
 10584 | Lair:1   | Reached skill level 1 in Shields
 10834 | Lair:1   | Reached skill level 5 in Throwing
 11065 | Lair:1   | Found a white marble altar of Elyvilon.
 11582 | Lair:2   | Reached skill level 5 in Evocations
 11667 | Lair:2   | Noticed Gastronok
 11677 | Lair:2   | Killed Gastronok
 11697 | Lair:2   | Identified the +2 robe of Melancholy {rElec rN+ Str+3
                  | Stlth+}
 11807 | Lair:2   | Received a gift from Nemelex Xobeh
 11844 | Lair:2   | Noticed a six-headed hydra
 11853 | Lair:2   | Killed a six-headed hydra
 11999 | Lair:2   | Found a staircase to the Shoals.
 12044 | Lair:2   | Reached XP level 13. HP: 108/108 MP: 22/22
 12226 | Lair:2   | Found a hole to the Spider Nest.
 12318 | Lair:2   | Noticed Nergalle
 12320 | Lair:2   | Killed Nergalle
 12342 | Lair:2   | Received a gift from Nemelex Xobeh
 12677 | Lair:3   | Reached skill level 5 in Shields
 13075 | Lair:3   | Found a one-way gate to the infinite horrors of the Abyss.
 13075 | Lair:3   | Noticed indyram44's ghost (journeyman DsGl)
 13091 | Lair:3   | Found a transporter.
 13095 | Lair:3   | Received a gift from Nemelex Xobeh
 13103 | Lair:3   | Found a transporter.
 13547 | Lair:3   | Received a gift from Nemelex Xobeh
 13572 | Lair:3   | Noticed a rakshasa
 14615 | Lair:4   | Reached ****** piety under Nemelex Xobeh
 14684 | Lair:4   | Found a staircase to the Slime Pits.
 14684 | Lair:4   | Found a viscous altar of Jiyva.
 14714 | Lair:4   | Received a gift from Nemelex Xobeh
 15268 | Lair:4   | a six-headed hydra changed into a broodmother
 15268 | Lair:4   | Noticed a broodmother
 15275 | Lair:4   | Killed a broodmother
 15470 | Lair:5   | Entered Level 5 of the Lair of Beasts
 15505 | Lair:5   | Reached XP level 14. HP: 115/120 MP: 22/24
 15671 | Lair:5   | Noticed Rupert
 15910 | Lair:5   | Received a gift from Nemelex Xobeh
 16616 | Lair:5   | Paralysed by Rupert for 2 turns
 16625 | Lair:5   | Killed Rupert
 16670 | Lair:5   | Reached skill level 15 in Fighting
 16670 | Lair:5   | Reached skill level 15 in Invocations
 17032 | Lair:5   | Received a gift from Nemelex Xobeh
 17073 | Lair:5   | Identified the +1 leather armour of Nyssoph {rCorr}
 17880 | D:12     | Found a frozen archway.
 18025 | D:12     | Found a staircase to the Orcish Mines.
 18355 | D:12     | Received a gift from Nemelex Xobeh
 18634 | Orc:1    | Entered Level 1 of the Orcish Mines
 18646 | Orc:1    | Slain by an ettin

Illustrated notes

Levels and vault maps discovered:
D:1:      onia_arrival_pentagram, layout_basic, basic_ecumenical_altar,
          nrook_mini_vaults, kennysheep_flooded_box, minmay_tetromino_s2
D:2:      layout_basic, serial_shops, nicolae_shop_overgrown_old_shop
D:3:      minmay_evil_eye, layout_basic, uniq_sigmund
D:4:      layout_rooms
D:5:      layout_gridville, uniq_pikel, uniq_prince_ribbit1, uniq_grinder,
          uniq_duvessa
D:6:      layout_cave_pods
D:7:      layout_loops_ring, minmay_overflow_temple_hex,
          mainiacjoe_overflow_alcove_1, minmay_temple_entry_glassed_door,
          serial_shops, nicolae_inconvenience_store, ebering_ghost_inner_flame,
          minmay_misc_feat_chi
D:8:      layout_basic, serial_shops, nicolae_shop_stone, hangedman_misty_isle,
          uniq_grum
D:9:      layout_roguey, hellmonk_guarded_unrand_lears
D:10:     layout_cave_pods
D:11:     layout_cave_pools, dpeg_oklobed_lair, minmay_between
D:12:     layout_cave_pools, orc_0_dummy, portal_ice_cave_entry_pillars_1
Lair:1:   layout_misc_corridors, lemuel_centaur_altar
Lair:2:   layout_long_grid, minmay_shoals_entry_lonely_mermaid,
          spider_nest_entry_funnel_web, minivault_24, lemuel_fruit_fields,
          lemuel_fruit_fields, lemuel_fruit_tree, uniq_gastronok, uniq_nergalle
Lair:3:   lemuel_ratsnest, layout_gridlike, gammafunk_ghost_abyssal_escape
Lair:4:   layout_loops_ring, slime_entry_1, gammafunk_lair_bear_cave,
          serial_bayou_shore_b, infiniplex_staircase_pool_2
Lair:5:   minmay_lair_end_frog_pond, layout_cave_pods,
          chequers_serial_rivers_micro_c, uniq_rupert
Orc:1:    layout_diamond_mine, biasface_ghost_orc_armoury, uniq_urug, uniq_erica

Skill      XL: |  1  2  3  4  5  6  7  8  9 10 11 12 13 14 |
---------------+-------------------------------------------+-----
Fighting       | 3 4 5 6 7 9 10 12 14 15 | 15.0
Dodging        | 5 |  5.0
Invocations    | 1 2 3 4 6 8 10 12 14 15 | 15.0
Polearms       | 5 7 8 10 11 14 | 14.0
Armour         | 4 5 |  5.0
Evocations     | 2 5 9 |  9.4
Throwing       | 3 5 |  5.0
Shields        | 4 5 |  5.0

Action                   |  1- 3 |  4- 6 |  7- 9 | 10-12 | 13-15 || total
-------------------------+-------+-------+-------+-------+-------++-------
Melee: Trident           |   148 |    51 |       |       |       ||   199
       Spear             |       |    48 |   226 |   604 |   843 ||  1721
       Punch             |       |       |     2 |     1 |       ||     3
       Flail             |       |       |       |     5 |    25 ||    30
       Tailslap          |       |       |       |       |    15 ||    15
Throw: Throwing net      |       |       |     3 |       |       ||     3
       Dart              |       |       |     2 |    19 |    11 ||    32
Invok: Draw Destruction  |       |     1 |       |    16 |    34 ||    51
       Triple Draw       |       |       |       |       |     1 ||     1
       Draw Summoning    |       |       |       |       |     1 ||     1
Evoke: Wand              |       |       |     1 |     2 |     2 ||     5
  Use: Scroll            |       |     6 |     2 |     7 |     5 ||    20
       Potion            |       |       |       |     1 |     1 ||     2
 Stab: Sleeping          |     3 |     1 |     2 |       |       ||     6
       Held in net/web   |       |       |     1 |       |       ||     1
       Invisible         |       |       |       |       |     1 ||     1
Armor: Leather armour    |    31 |    16 |     9 |    36 |       ||    92
       Chain mail        |       |       |       |    29 |   179 ||   208
Dodge: Dodged            |    78 |    46 |    55 |   277 |   458 ||   914
Block: Buckler           |       |       |       |    22 |   144 ||   166

Table legend: (Time is in decaauts)
 A = Elapsed time spent in this place.
 B = Non-inter-level travel time spent in this place.
 C = Inter-level travel time spent in this place.
 D = Time resting spent in this place.
 E = Time spent auto-exploring this place.
 F = Levels seen in this place.
 G = Mean time per level.
                   A        B        C        D        E       F      G
               +--------+--------+--------+--------+--------+-----+--------+
         Total |  17869 |  16390 |   1479 |   1609 |  11646 |  18 |  992.7 |
       Dungeon |  11132 |   9822 |   1310 |    884 |   6973 |  12 |  927.7 |
          Lair |   6730 |   6561 |    169 |    725 |   4673 |   5 | 1346.0 |
  Orcish Mines |      6 |      6 |      0 |      0 |      0 |   1 |    6.0 |
               +--------+--------+--------+--------+--------+-----+--------+

Top non-repeatable levels by time:
  Lair:5: 1850 daAuts
  Lair:3: 1348 daAuts
     D:9: 1336 daAuts
  Lair:4: 1314 daAuts
    D:10: 1210 daAuts
     D:8: 1194 daAuts
  Lair:1: 1115 daAuts
  Lair:2: 1101 daAuts
     D:5: 1099 daAuts
     D:7: 1001 daAuts
    D:12: 941 daAuts
    D:11: 900 daAuts
     D:2: 885 daAuts
     D:3: 846 daAuts
     D:1: 786 daAuts
